 Dungeon Crawl Stone Soup version 0.31.0-1-g2c135a008e (webtiles) character file.

Game seed: 17906638494351706057

746 qw the Shooter (level 8, -3/56 HPs)
             Began as a Djinni Hunter on Jan 23, 2024.
             Slain by Duvessa
             ... wielding a +0 short sword
              (15 damage)
             ... on level 4 of the Dungeon.
             The game lasted 00:00:10 (2061 turns).

qw the Shooter (Djinni Hunter)                      Turns: 2061, Time: 00:00:10

Health: -3/56      AC:  7    Str: 10    XL:     8   Next: 5%
Gold:   210        EV: 12    Int: 11    God:
                   SH:  0    Dex: 19

rFire   + + .        a - +0 shortbow
rCold   x . .        (shield currently unavailable)
rNeg    . . .        g - +0 ring mail
rPois   inf          (no helmet)
rElec   .            (no cloak)
rCorr   .            e - +1 pair of gloves
SInv    .            (boots unavailable)
Will    .....        b - amulet of regeneration
Stlth   +            (no ring)
HPRegen 1.09/turn    (no ring)
MPRegen 0.00/turn

%: infuse magic (-4 HP)
@: lit by a corona, flying, glowing
A: sickness immunity, fire resistance 2, cold vulnerability 1, float, innate
caster, HP casting, extra vitality 1
a: no special abilities


You were on level 4 of the Dungeon.
You visited 1 branch of the dungeon, and saw 4 of its levels.

You collected 210 gold pieces.


Innate Abilities, Weirdness & Mutations

You are immune to sickness and miasma.
You are immune to poison.
Your flesh is very heat resistant. (rF++)
You are vulnerable to cold. (rC-)
You float through the air rather than walking.
You learn spells naturally, not from books.
Your magical power is your life essence.
You have superior vitality. (+4 MHP)


   Skills:
 + Level 3.5 Fighting
 - Level 6.7 Ranged Weapons
 - Level 1.0 Armour
 - Level 3.9 Dodging
 - Level 0.7 Stealth


You knew the following spells:

 Your Spells              Type           Power      Damage    Failure   Level
a - Necrotise             Necr           0%         1d4       65%         1
b - Jinxbite              Hex            0%         N/A       80%         2
c - Blink                 Tloc           0%         N/A       80%         2
Your spell library was empty.

Inventory:

Hand Weapons
 a - a +0 shortbow (weapon)
Armour
 e - a +1 pair of gloves (worn)
 g - a +0 ring mail (worn)
Jewellery
 b - an amulet of regeneration (around neck)
Wands
 d - a wand of polymorph (10)
Potions
 c - a potion of resistance {unknown}
 i - a potion of degeneration {unknown}

Dungeon Overview and Level Annotations

Branches:
Dungeon (4/15)
 Temple: D:4-7

Altars:

Annotations:
D:2 1 runed translucent door, Crazy Yiuf
D:4 Duvessa


Message History

Dowan hits you with a +0 dagger.
You shoot an arrow. The arrow closely misses Dowan.
Dowan gestures at you while chanting. The puff of frost misses you.
You shoot an arrow. The arrow hits Dowan!
Dowan is almost dead.
Dowan gestures at you while chanting.
You are outlined in light.
You shoot an arrow.
The arrow hits Dowan but does no damage.
Dowan is almost dead.
Dowan closely misses you.
Duvessa says, "My weaknesses are his strengths!"
Duvessa barely misses you. Dowan hits you with a +0 dagger.
Duvessa hits you with a +0 short sword!
You shoot an arrow. The arrow hits Dowan.
Dowan is almost dead.
Dowan barely misses you. Duvessa hits you with a +0 short sword!
You shoot an arrow. The arrow completely misses Dowan.
Dowan hits you but does no damage. Duvessa hits you with a +0 short sword.
You shoot an arrow. The arrow hits Dowan.
You kill Dowan!
Duvessa screams in rage.
Duvessa goes berserk!
Duvessa hits you with a +0 short sword. Duvessa closely misses you.
You have reached level 8!
You feel clever.
You shoot an arrow. The arrow hits Duvessa!
Duvessa is lightly wounded.
Duvessa misses you.
You shoot an arrow. The arrow hits Duvessa.
Duvessa is lightly wounded.
Duvessa hits you with a +0 short sword! Duvessa completely misses you.
You shoot an arrow. The arrow hits Duvessa.
Duvessa is lightly wounded.
Duvessa hits you with a +0 short sword. Duvessa hits you with a +0 short sword!
You shoot an arrow.
The arrow hits Duvessa but does no damage.
Duvessa is lightly wounded.
Duvessa hits you with a +0 short sword!
You die...

..#.#.....#
.........#
#........#
$.#......# .
.......#.###### ...
#....#.$..... #..#
#...#.......
#....###.#.<...(...
#.>.)@e...###...
######).#......
#.........
#..........
........<.#
###.#.....##
..#.#.... .......#


You could see Duvessa (berserk).

Vanquished Creatures
  Pikel (D:4)
  Eustachio (D:4)
  Dowan (D:4)
  2 orc wizards (D:3)
  An adder (D:3)
  2 dart slugs
  3 orcs (D:3)
  6 endoplasms
  4 giant cockroaches
  6 goblins
  6 hobgoblins
  2 jackals (D:1)
  2 kobolds (D:1)
  A quokka (D:1)
  9 ball pythons
  5 bats
  4 frilled lizards
  5 rats
61 creatures vanquished.

Notes
Turn   | Place    | Note
-------+----------+-------------------------------------------
     0 | D:1      | qw the Djinni Hunter began the quest for the Orb.
     0 | D:1      | Reached XP level 1. HP: 18/18 MP: 0/0
     0 | D:1      | 0 ||| qw: Version: 0.3-a-134-g2ba4250
     0 | D:1      | 0 ||| qw: Game counter: 705
     0 | D:1      | 0 ||| qw: Melee chars always use a shield: true
     0 | D:1      | 0 ||| qw: God list: Okawaru
     0 | D:1      | 0 ||| qw: Allow faded altars: false
     0 | D:1      | 0 ||| qw: Do Orc after clearing Dungeon:15 true
     0 | D:1      | 0 ||| qw: Do second Lair branch before Depths: true
     0 | D:1      | 0 ||| qw: Lair rune preference: random
     0 | D:1      | 0 ||| qw: Goals: Normal
     0 | D:1      | 0 ||| PLANNING D:1-11
   133 | D:1      | Reached XP level 2. HP: 23/23 MP: 0/0
   227 | D:1      | Reached XP level 3. HP: 28/28 MP: 0/0
   227 | D:1      | Learned a level 1 spell: Necrotise
   281 | D:1      | Reached skill level 4 in Ranged Weapons
   675 | D:1      | 675 ||| UPGRADING to +0 ring mail.
   685 | D:1      | 685 ||| DROPPING +0 leather armour.
   686 | D:1      | 686 ||| READING 3 scrolls labelled XAULEXK NOUCW.
   686 | D:1      | 686 ||| IDENTIFYING fuming dark potion
   687 | D:1      | 687 ||| READING 2 scrolls of identify.
   687 | D:1      | 687 ||| IDENTIFYING green potion
   688 | D:1      | 688 ||| READING scroll of identify.
   688 | D:1      | 688 ||| IDENTIFYING 2 scrolls labelled UHAIHOMIEF
   689 | D:1      | 689 ||| DROPPING scroll of butterflies.
   690 | D:1      | 690 ||| DROPPING potion of berserk rage.
   691 | D:1      | 691 ||| DROPPING 2 scrolls of amnesia.
   887 | D:2      | Identified the +6 hand axe of Exquisite Death {venom, SInv}
  1066 | D:2      | Reached skill level 1 in Armour
  1140 | D:2      | Found a runed translucent door.
  1141 | D:2      | Noticed Crazy Yiuf
  1413 | D:2      | 1413 ||| UPGRADING to amulet of regeneration.
  1418 | D:2      | 1418 ||| READING scroll labelled TYZXIA HIAV.
  1419 | D:2      | 1419 ||| DRINKING 2 purple potions.
  1420 | D:2      | 1420 ||| DROPPING potion of invisibility.
  1473 | D:3      | Reached XP level 4. HP: 34/34 MP: 0/0
  1483 | D:3      | Reached skill level 3 in Fighting
  1490 | D:3      | Reached XP level 5. HP: 38/40 MP: 0/0
  1490 | D:3      | Learned a level 2 spell: Jinxbite
  1917 | D:3      | 1917 ||| UPGRADING to +1 pair of gloves.
  1922 | D:3      | 1922 ||| READING scroll labelled BERUMO NISOHO.
  1923 | D:3      | 1923 ||| READING scroll labelled FIETEOG XUFORA.
  1924 | D:3      | 1924 ||| READING scroll labelled XODWUCVARUX.
  1929 | D:4      | Noticed Pikel
  1929 | D:4      | Noticed a lemure
  1929 | D:4      | Noticed a lemure
  1929 | D:4      | Noticed a lemure
  1930 | D:4      | 1930 ||| RETREEEEATING.
  1931 | D:4      | 1931 ||| RETREEEEATING.
  1932 | D:4      | 1932 ||| RETREEEEATING.
  1933 | D:4      | 1933 ||| RETREEEEATING.
  1934 | D:4      | 1934 ||| RETREEEEATING.
  1939 | D:4      | Noticed a lemure
  1949 | D:4      | Noticed Eustachio
  1962 | D:4      | Killed Pikel
  1963 | D:4      | Reached skill level 6 in Ranged Weapons
  1963 | D:4      | Reached XP level 6. HP: 15/46 MP: 0/0
  1963 | D:4      | Reached XP level 7. HP: 16/50 MP: 0/0
  1963 | D:4      | Learned a level 2 spell: Blink
  1987 | D:4      | HP: 10/50 [Eustachio/+0 falchion (8)]
  1988 | D:4      | 1988 ||| DRINKING potion of heal wounds.
  2026 | D:4      | Killed Eustachio
  2027 | D:4      | Reached skill level 3 in Dodging
  2043 | D:4      | Noticed Dowan
  2046 | D:4      | Noticed Duvessa
  2057 | D:4      | Killed Dowan
  2058 | D:4      | Reached XP level 8. HP: 32/56 MP: 0/0
  2060 | D:4      | HP: 11/56 [Duvessa/+0 short sword (7)]
  2061 | D:4      | Slain by Duvessa

Levels and vault maps discovered:
D:1:      ldierk_walled_garden_2, layout_loops_ring
D:2:      layout_loops_ring, uniq_crazy_yiuf_cottage
D:3:      layout_basic, minmay_misc_feat_x, nrook_loot_triangle
D:4:      layout_rooms, nicolae_zen_rock_garden, serial_park_tiny_pond,
          hangedman_decor_diamond_cutter, uniq_pikel, uniq_eustachio,
          uniq_sigmund, uniq_duvessa

Skill      XL: |  1  2  3  4  5  6  7 |
---------------+----------------------+-----
Ranged Weapons | 4 6 |  6.7
Armour         | 1 |  1.0
Fighting       | 3 |  3.5
Dodging        | 3 |  3.9
Stealth        | |  0.7

Action                     |  1- 3 |  4- 6 |  7- 9 || total
---------------------------+-------+-------+-------++-------
   Fire: Shortbow          |   100 |    71 |    70 ||   241
    Use: Scroll            |     4 |     3 |       ||     7
         Potion            |     1 |       |     1 ||     2
 Armour: Leather armour    |    10 |       |       ||    10
         Ring mail         |       |    32 |    92 ||   124
  Dodge: Dodged            |    23 |    24 |    74 ||   121

Table legend:
 A = Non-vault XP
 B = Vault XP
 C = Vault XP percentage of total XP
 D = Non-vault monster count
 E = Vault monster count
 F = Vault count percentage of total count
                 A         B        C        D         E       F
            +---------+---------+-------+---------+---------+-------
      Total |     179 |     887 |  83.2 |      58 |       3 |   4.9
            +---------+---------+-------+---------+---------+-------
        D:1 |      43 |       0 |   0.0 |      27 |       0 |   0.0
        D:2 |      19 |       0 |   0.0 |      11 |       0 |   0.0
        D:3 |     111 |       0 |   0.0 |      17 |       0 |   0.0
        D:4 |       6 |     887 |  99.3 |       3 |       3 |  50.0
            +---------+---------+-------+---------+---------+-------
